Map: 뉴 리퍼그넌시 - 래더

Players

soO

  • Race: Zerg Zerg
  • Spawn Location: 7:00

Bunny - Winner!

  • Race: Terran Terran
  • Spawn Location: 1:00

Event: IEM Season 13: Katowice (2019)

VOD

Have the link to the VOD?

Description

Time

  • Played on: March 1, 2019, 11:23 a.m.
  • Length: 15:40

All games in this series

Show
View Real Time Build Order
Export as new Build Order

soO Zerg 

Build Orders: Hatch First, Muta Ling Bane 

Get SALT Encoding   

  12  0:00  Drone  
  13  0:12  Overlord  
  13  0:16  Drone  
  14  0:30  Drone x2  
  14  0:34  Drone  
  17  0:51  Hatchery  
  17  0:54  Drone  
  17  0:57  Drone  
  18  1:07  Extractor  
  17  1:11  Spawning Pool  
  17  1:15  Drone  
  17  1:18  Drone  
  18  1:27  Drone  
  19  1:38  Overlord  
  19  1:50  Drone  
  20  1:58  Queen  
  20  2:00  Zergling x2  
  23  2:03  Queen, Zergling x2  
  23  2:07  Metabolic Boost  
  26  2:23  Hatchery  
  26  2:28  Spore Crawler  
  24  2:31  Drone  
  24  2:33  Drone x2  
  28  2:37  Drone  
  28  2:45  Queen  
  28  2:50  Drone  
  28  2:51  Drone  
  32  2:56  Overlord  
  32  3:00  Drone x2  
  32  3:05  Drone  
  35  3:15  Drone x2  
  35  3:16  Drone x3  
  40  3:20  Queen  
  40  3:26  Overlord  
  42  3:29  Drone  
  43  3:35  Queen  
  43  3:36  Drone  
  46  3:44  Drone  
  46  3:45  Drone x3  
  46  3:47  Zergling x4  
  52  3:50  Extractor  
  52  3:51  Drone  
  52  3:52  Drone  
  52  3:54  Drone  
  55  3:57  Queen  
  55  3:58  Overlord  
  57  4:07  Overlord  
  57  4:12  Baneling Nest  
  57  4:13  Drone  
  57  4:14  Overlord  
  57  4:16  Overlord  
  57  4:21  Overlord  
  57  4:22  Lair  
  57  4:23  Extractor  
  56  4:24  Extractor  
  56  4:27  Drone  
  56  4:28  Drone x2  
  56  4:29  Drone  
  56  4:30  Drone  
  60  4:36  Drone x4  
  64  4:41  Zergling x6  
  64  4:42  Drone  
  64  4:44  Drone  
  64  4:45  Drone  
  70  4:52  Drone  
  71  4:54  Spore Crawler  
  71  4:55  Zergling x2  
  71  4:57  Drone  
  72  5:01  Zergling x6  
  72  5:04  Spore Crawler  
  73  5:10  Overlord  
  73  5:11  Drone  
  73  5:12  Drone  
  76  5:14  Drone x6  
  81  5:27  Overlord  
  81  5:30  Centrifical Hooks  
  81  5:31  Drone x7, Evolution Chamber  
  81  5:33  Extractor  
  81  5:34  Evolution Chamber, Extractor  
  84  5:39  Drone x2  
  86  5:47  Extractor  
  86  5:49  Drone x2  
  87  5:50  Hatchery  
  87  5:51  Spire  
  87  5:56  Drone x2  
  87  5:57  Drone  
  88  5:59  Zergling x10  
  93  6:07  Zerg Melee Weapons Level 1, Zerg Ground Armor Level 1  
  93  6:13  Overlord  
  93  6:19  Overlord  
  93  6:21  Baneling x7  
  93  6:24  Zergling x8  
  97  6:26  Overlord  
  97  6:28  Overlord  
  97  6:34  Drone x3  
  97  6:35  Overlord  
  97  6:36  Zergling x10  
  105  6:42  Zergling x6  
  108  6:47  Zergling x8  
  108  6:54  Zergling x2  
  113  7:00  Zergling x4  
  115  7:05  Zergling x10  
  120  7:14  Hatchery  
  120  7:15  Mutalisk x4  
  119  7:19  Mutalisk x4  
  135  7:24  Baneling x6  
  135  7:26  Mutalisk x3  
  141  7:30  Baneling x4  
  141  7:33  Zergling x4  
  140  7:39  Zergling x6  
  114  8:02  Mutalisk x4  
  114  8:04  Zergling x28  
  136  8:18  Zerg Melee Weapons Level 2, Zerg Ground Armor Level 2  
  132  8:22  Drone x9  
  132  8:26  Baneling  
  132  8:27  Baneling x5  
  141  8:33  Mutalisk  
  143  8:34  Zergling x4  
  143  8:35  Zergling x4  
  143  8:36  Baneling x3  
  143  8:41  Overlord  
  147  8:42  Drone  
  147  8:45  Overlord x2  
  148  8:51  Drone, Overlord  
  148  8:52  Drone  
  148  8:54  Overlord  
  150  9:00  Mutalisk x2  
  150  9:02  Zergling x8  
  158  9:07  Baneling  
  158  9:08  Baneling x11, Zergling x2  
  158  9:09  Zergling x22  
  139  9:25  Zergling x16  
  139  9:27  Mutalisk x3  
  149  9:31  Drone x3  
  149  9:32  Drone  
  149  9:33  Extractor  
  149  9:37  Zerg Flyer Weapons Level 1  
  152  9:39  Drone x3  
  152  9:41  Baneling, Extractor  
  152  9:42  Baneling, Zergling x6  
  152  9:43  Overseer  
  157  9:46  Drone  
  157  9:48  Pneumatized Carapace  
  157  9:51  Overseer  
  157  9:52  Overseer  
  158  9:54  Zergling x8  
  158  9:57  Drone  
  163  10:03  Zergling x6  
  163  10:04  Zergling x6  
  169  10:07  Hatchery  
  169  10:10  Drone x2, Spore Crawler, Spine Crawler  
  169  10:11  Zergling x2  
  169  10:12  Zergling x6  
  172  10:16  Zergling x16  
  175  10:27  Zergling x2  
  175  10:28  Zergling x14  
  170  10:32  Baneling x16  
  167  10:36  Zergling x8  
  167  10:38  Overseer x2  
  167  10:39  Overseer  
  167  10:41  Baneling  
  171  10:46  Zergling x2  
  164  10:50  Zergling x10  
  164  10:51  Zergling x12  
  164  10:53  Zergling x4  
  157  11:01  Mutalisk x3  
  146  11:10  Mutalisk x3  
  141  11:17  Mutalisk x2  
  141  11:18  Mutalisk x2  
  138  11:19  Zergling x16  
  138  11:25  Zergling x2  
  149  11:27  Zergling x2  
  151  11:32  Zergling x2  
  151  11:33  Zergling x4  
  151  11:37  Infestation Pit  
  151  11:38  Baneling x12  
  152  11:40  Hatchery  
  152  11:43  Zergling x10  
  152  11:44  Baneling  
  152  11:45  Baneling x5  
  152  11:46  Zergling x2  
  157  11:48  Baneling x3  
  157  11:49  Baneling, Zergling x2  
  157  11:51  Zergling x26  
  171  11:55  Hatchery  
  171  12:00  Zergling x10  
  171  12:02  Baneling x11  
  171  12:04  Zergling x4  
  171  12:06  Baneling x3  
  171  12:07  Zergling x2  
  158  12:19  Zergling x12  
  158  12:20  Zergling x6  
  151  12:24  Mutalisk x4  
  159  12:37  Zergling x16  
  154  12:38  Baneling x7  
  154  12:41  Baneling x8  
  154  12:42  Zergling x10  
  157  12:45  Baneling  
  157  12:46  Baneling, Zergling x4  
  159  12:52  Baneling x3  
  155  12:59  Zergling x16  
  155  13:04  Baneling x3  
  155  13:05  Baneling  
  159  13:08  Zergling x12  
  159  13:11  Zergling x4  
  166  13:18  Zergling x6  
  163  13:23  Zergling x8  
  159  13:30  Zergling x6  
  159  13:31  Hive  
  159  13:32  Zergling x6  
  161  13:48  Zergling x30  
  175  13:49  Baneling x4  
  175  13:53  Overlord x2  
  175  13:54  Overlord  
  175  13:55  Baneling x11  
  168  14:07  Mutalisk x3  
  168  14:09  Zergling x22  
  173  14:11  Zergling x4  
  171  14:18  Mutalisk  
  171  14:19  Mutalisk  
  159  14:35  Zergling x40  
  160  14:40  Zergling x12  
  160  14:44  Baneling x8  
  166  14:49  Zergling x8  
  166  14:50  Baneling x4  
  166  14:52  Zergling x2  
  169  14:58  Zergling x8  
  162  15:05  Zergling x4  
  162  15:06  Zergling x4  
  134  15:12  Zergling x10  
  131  15:15  Baneling x4  
  131  15:16  Baneling x2  
  131  15:19  Zergling x6  
  134  15:21  Baneling  
Show
View Real Time Build Order
Export as new Build Order

Bunny Terran - Winner!

Build Orders: Hellion Opening, Reaper Expand 

Get SALT Encoding   

  12  0:00  SCV  
  13  0:12  SCV  
  14  0:17  Supply Depot  
  14  0:24  SCV  
  15  0:38  SCV  
  15  0:40  Barracks  
  16  0:44  Refinery  
  16  0:50  SCV  
  17  1:03  SCV  
  18  1:15  SCV  
  19  1:27  Orbital Command  
  19  1:28  Reaper  
  20  1:40  Command Center  
  20  1:52  Supply Depot  
  20  1:53  SCV  
  21  1:59  Marine  
  22  2:05  SCV  
  22  2:08  Factory  
  23  2:12  Refinery  
  23  2:17  SCV  
  23  2:20  Barracks Reactor  
  24  2:29  SCV  
  25  2:41  SCV  
  26  2:51  Orbital Command  
  26  2:53  SCV, Starport  
  27  3:01  Hellion x2  
  31  3:05  SCV  
  31  3:06  Barracks Tech Lab  
  32  3:17  SCV  
  32  3:18  SCV  
  34  3:22  Hellion  
  34  3:23  Hellion  
  34  3:24  Supply Depot  
  38  3:29  SCV  
  38  3:30  SCV  
  40  3:34  Marine  
  40  3:36  Viking  
  43  3:41  SCV  
  43  3:42  SCV  
  43  3:46  Hellion x2  
  43  3:48  Supply Depot  
  49  3:53  SCV  
  49  3:54  SCV  
  51  4:05  SCV  
  51  4:06  SCV  
  53  4:11  Command Center  
  53  4:12  Supply Depot  
  53  4:16  Stimpack  
  53  4:26  SCV  
  53  4:27  SCV  
  53  4:29  Barracks x2  
  55  4:32  Marine  
  55  4:35  Supply Depot  
  55  4:36  Starport Reactor  
  55  4:37  Factory Reactor  
  55  4:39  SCV  
  55  4:40  SCV  
  57  4:47  Supply Depot  
  57  4:50  Engineering Bay  
  57  4:53  Engineering Bay  
  57  4:54  SCV x2  
  57  4:58  Refinery  
  59  5:02  Refinery  
  59  5:06  Marine  
  59  5:09  SCV x2  
  61  5:14  Medivac  
  61  5:15  Medivac  
  61  5:19  Terran Infantry Armor Level 1, Terran Infantry Weapons Level 1  
  61  5:21  SCV x2  
  67  5:24  Orbital Command  
  67  5:27  Factory Tech Lab  
  65  5:29  Marine x4  
  65  5:30  Marine  
  70  5:37  SCV x2  
  70  5:40  Supply Depot  
  72  5:44  Orbital Command  
  72  5:47  Marine x4  
  72  5:48  Marine, Siege Tank  
  80  5:57  SCV x2  
  80  6:03  Medivac x2  
  86  6:07  Marine x5  
  86  6:09  SCV  
  86  6:10  SCV  
  93  6:17  SCV  
  94  6:19  Barracks x2  
  94  6:21  SCV  
  94  6:22  SCV  
  94  6:23  Armory  
  94  6:25  Marine  
  97  6:29  Widow Mine  
  97  6:30  Supply Depot, Combat Shield  
  99  6:33  SCV  
  99  6:34  SCV  
  101  6:43  SCV  
  101  6:45  SCV, Refinery  
  101  6:46  SCV  
  104  6:48  Marine x4, Supply Depot  
  104  6:54  Widow Mine  
  110  6:58  SCV x3  
  110  7:00  Marine  
  114  7:08  Barracks Reactor  
  114  7:09  Barracks Reactor  
  114  7:10  SCV x3  
  117  7:16  Command Center  
  117  7:18  Marauder  
  117  7:20  Supply Depot  
  119  7:25  Marine x4  
  119  7:26  Widow Mine  
  125  7:34  Terran Infantry Weapons Level 2  
  125  7:36  Supply Depot, SCV x3  
  128  7:39  Terran Infantry Armor Level 2, Marine  
  128  7:41  Missile Turret  
  128  7:43  Marine  
  130  7:47  Medivac x2  
  111  7:59  SCV x2  
  111  8:00  SCV  
  111  8:02  Marine x9  
  115  8:09  Widow Mine  
  111  8:16  Missile Turret  
  111  8:17  Concussive Shells, Medivac, Missile Turret  
  111  8:18  Supply Depot  
  111  8:19  Marine  
  109  8:20  Marine x4  
  109  8:23  Factory  
  109  8:25  Marauder, Terran Vehicle And Ship Armor Level 1  
  109  8:26  Marine  
  109  8:27  Marine  
  117  8:31  Missile Turret  
  118  8:35  Widow Mine  
  118  8:37  SCV x3  
  118  8:42  Marine x6  
  118  8:44  Marine x2  
  118  8:46  Marine  
  126  8:49  SCV x3  
  126  8:52  Supply Depot  
  126  8:53  Planetary Fortress  
  76  8:55  Medivac  
  129  8:57  Medivac  
  129  8:58  Widow Mine, Drilling Claws  
  129  8:59  Marine  
  134  9:11  Factory Reactor  
  134  9:12  Missile Turret  
  134  9:15  Sensor Tower, Marauder  
  134  9:16  Marine x3  
  134  9:17  Marine x2  
  134  9:23  Marine  
  126  9:25  Medivac  
  126  9:26  SCV x3  
  126  9:27  Marine  
  126  9:28  Marine  
  128  9:32  Barracks  
  128  9:33  Thor  
  128  9:34  Marine x2, Barracks  
  128  9:35  Medivac  
  128  9:37  Barracks  
  128  9:38  SCV x3  
  139  9:39  Marine x3, Marauder  
  139  9:40  Marine  
  139  9:41  SCV  
  148  9:45  Marine  
  148  9:48  Marine  
  148  9:50  SCV x3  
  148  9:52  Marine x2  
  157  9:53  Widow Mine x2  
  157  9:56  Missile Turret  
  157  9:57  Marine x2  
  161  10:00  Marauder  
  161  10:05  Marine x3  
  161  10:06  Marine  
  162  10:09  Medivac  
  162  10:10  Marine x2  
  168  10:14  Widow Mine x2, Marine  
  168  10:15  Marine  
  172  10:22  Marine, Marauder  
  172  10:23  Marine x3  
  172  10:27  Terran Infantry Weapons Level 3, Thor, Marine  
  172  10:28  Marine  
  178  10:30  Barracks Reactor, Barracks Tech Lab x2  
  178  10:32  Marine x2  
  178  10:34  Terran Infantry Armor Level 3  
  172  10:35  Widow Mine  
  172  10:36  Widow Mine  
  172  10:40  Marine  
  173  10:43  Marauder  
  173  10:46  Marine  
  173  10:47  Marine x2  
  170  10:50  Medivac  
  170  10:54  Marine x6  
  170  10:57  Widow Mine x2  
  170  11:02  Marine  
  144  11:04  Marine x3, Marauder  
  144  11:10  Widow Mine, Marine x2  
  144  11:12  Marine x4  
  144  11:13  Marauder x2  
  148  11:18  Widow Mine x2  
  148  11:20  Marine  
  148  11:22  Marine x3  
  152  11:26  Marauder  
  152  11:30  Marine x4  
  152  11:32  Widow Mine  
  160  11:34  Marauder x2  
  160  11:35  Marine x2  
  160  11:37  Marine  
  171  11:40  Widow Mine x2, Medivac  
  171  11:41  Command Center, Medivac  
  175  11:47  Marauder  
  175  11:50  Marine x3  
  180  11:55  Supply Depot  
  180  11:56  Widow Mine, Marine x4, Marauder  
  180  11:59  Marine  
  180  12:00  Marauder  
  180  12:01  Widow Mine  
  185  12:02  Widow Mine  
  185  12:03  Marine  
  188  12:12  Marine  
  188  12:13  Marine x4, Marauder  
  182  12:18  Widow Mine, Marine, Marauder  
  182  12:19  Marine x3  
  182  12:21  Marine, Marauder  
  182  12:22  Widow Mine  
  182  12:24  Widow Mine  
  182  12:27  Medivac x2  
  188  12:30  Marine  
  188  12:31  Marine x4  
  188  12:34  Marauder  
  188  12:36  Marine  
  188  12:37  Marine x3  
  186  12:39  Marine, Marauder  
  186  12:42  Widow Mine  
  186  12:43  Marauder  
  196  12:52  Sensor Tower  
  196  12:53  Widow Mine x2  
  196  12:54  Marine x4  
  196  12:56  Marine x2  
  196  12:57  Marine x3  
  200  13:00  Marauder  
  200  13:02  Marine x2  
  200  13:04  Marauder  
  199  13:10  Planetary Fortress  
  199  13:12  Marine  
  193  13:20  Marauder  
  193  13:21  Medivac x2  
  193  13:25  Marine x3, Marauder, Missile Turret  
  193  13:27  Marine, Missile Turret x2  
  193  13:28  Marine x4, Missile Turret x2  
  191  13:36  Widow Mine x2  
  191  13:39  Marauder  
  197  13:42  Marine, Marauder  
  200  13:54  Command Center  
  200  14:23  Marine, Marauder  
  200  14:24  Marine x3  
  199  14:27  Medivac x2  
  199  14:29  Marine x4  
  200  14:37  Marine x2, Marauder x2  
  181  14:39  Widow Mine  
  181  14:41  Marine x4  
  181  14:44  Marauder  
  189  14:47  Marine x4  
  189  14:51  Widow Mine  
  197  14:55  Marine x2  
  197  14:58  Marauder  
  197  14:59  Marine x4, Marauder  
  200  15:00  Widow Mine  
  200  15:05  Marine x5, Medivac x2  
  185  15:12  Refinery  
  185  15:13  Marine x2  
  174  15:17  Marine x4  

Tags
 
Add a new tag
Caveats
  • Supply blocks, unpowered buildings, or Contaminate may cause inaccurate times.
  • Supply counts are checked every 10 seconds.